 Dungeon Crawl Stone Soup version 0.18-a0-987-g0b0e4e7 (webtiles) character file.

2166019 dvd the Axe Maniac (level 27, 273/273 HPs)
             Began as a Hill Orc Fighter on Jan 3, 2016.
             Was the Champion of Beogh.
             Escaped with the Orb
             ... and 4 runes on Jan 9, 2016!
             The game lasted 10:07:23 (80992 turns).

dvd the Axe Maniac (Hill Orc Fighter)              Turns: 80992, Time: 10:07:24

Health: 273/273    AC: 48    Str: 30    XL:     27
Magic:  31/31      EV: 16    Int:  4    God:    Beogh [******]
Gold:   4814       SH: 36    Dex: 32    Spells: 0 memorised, 26 levels left

rFire  + + +     SeeInvis +     W - +5 war axe (vamp)
rCold  + + +     Gourm    .     O - +9 armour of the Dragon King {rPois rF+ rC+ MR+}
rNeg   + . .     Faith    +     Y - +4 large shield of Complete Protection {+Fly}
rPois  +         Spirit   .     u - -2 hat of the Alchemist {rElec rPois rF+ rC+ rN+ MR+ rMut rCorr}
rElec  +         Dismiss  .     H - +2 cloak
rCorr  +         Reflect  .     c - +2 pair of gloves {Dex+3}
rMut   +         Harm     .     U - +2 pair of boots {run}
SustAt .                        A - amulet of Pymuc {Faith rC+ Dex+7 SInv}
MR     +++++                    y - ring of Okawaru's Pride {+Fly rElec Str+3 Int-2 Slay+5}
Stlth  ..........               V - ring "Vesump" {rC++ MR+ Int-4 Dex+7}

@: quick, almost entirely resistant to hostile enchantments, extremely
unstealthy
A: walk on water, clever 1, fire resistance 2
a: Smiting, Recall Orcish Followers, Give Item to Named Follower, Renounce
Religion, Evoke Flight
0: Orb of Zot
}: 4/15 runes: barnacled, slimy, silver, gossamer


You escaped.
You worshipped Beogh.
Beogh was exalted by your worship.
You were not hungry.

You visited 11 branches of the dungeon, and saw 58 of its levels.
You visited the Abyss 1 time.
You visited 1 bazaar.
You also visited: Trove, Sewer and Wizlab.

You collected 7099 gold pieces.
You spent 2285 gold pieces at shops.

Inventory:

Hand Weapons
 b - a +3 broad axe of electrocution
 z - the +9 battleaxe of Waur {freeze, MP+9 Str-5 Int+3 Dex+4 SInv}
   (You found it on level 3 of the Elven Halls)

   It has been specially enchanted to freeze those struck by it, causing extra
   injury to most foes and up to half again as much damage against particularly
   susceptible opponents.
   It can also slow down cold-blooded creatures.
   It affects your strength (-5).
   It affects your intelligence (+3).
   It affects your dexterity (+4).
   It affects your magic capacity (+9).
   It lets you see invisible.
 D - the +9 great sword "Newtbane" {venom, rF+ Str+3}
   (You found it on level 3 of the Elven Halls)

   It poisons the flesh of those it strikes.
   It affects your strength (+3).
   It protects you from fire.
 Q - a +5 demon trident of freezing
 T - the +11 mace of Wondrous Power {speed, MP+9 Str+4 SInv}
   (You found it on level 3 of the Shoals)

   Attacks with this weapon are significantly faster.
   It affects your strength (+4).
   It affects your magic capacity (+9).
   It lets you see invisible.
 W - a +5 vampiric war axe (weapon)
Armour
 c - a +2 pair of gloves of dexterity (worn)
 k - the +5 ring mail of Starshine {+Blink MR+ Str+7}
   (You took it off a vault warden on level 5 of the Vaults)

   It affects your strength (+7).
   It affects your resistance to hostile enchantments.
   It lets you blink.
 l - a +1 cloak of poison resistance
 p - the +7 chain mail "Kuxier" {Str+4}
   (You found it on level 5 of the Vaults)

   It affects your strength (+4).
 s - the +2 helmet of Card Tricks {rPois rF+ Int+4}
   (You bought it in a shop on level 2 of the Vaults)

   It affects your intelligence (+4).
   It protects you from fire.
   It protects you from poison.
 u - the -2 hat of the Alchemist (worn) {rElec rPois rF+ rC+ rN+ MR+ rMut rCorr}
   (You found it in a wizard's laboratory)

   It protects you from fire.
   It protects you from cold.
   It insulates you from electricity.
   It protects you from poison.
   It protects you from negative energy.
   It affects your resistance to hostile enchantments.
   It protects you from acid and corrosion.
   It protects you from mutation.
 v - the +6 mottled dragon armour of Day {rF+++ Str+4 Int-5 Stlth+}
   (You found it on level 6 of the Pits of Slime)

   It affects your strength (+4).
   It affects your intelligence (-5).
   It renders you almost immune to fire.
   It makes you more stealthy.
 H - a +2 cloak (worn)
 O - the +9 armour of the Dragon King (worn) {rPois rF+ rC+ MR+}
   (You found it on level 6 of the Lair of Beasts)

   It protects you from fire.
   It protects you from cold.
   It protects you from poison.
   It affects your resistance to hostile enchantments.
 U - a +2 pair of boots of running (worn)
 Y - the +4 large shield of Complete Protection (worn) {+Fly}
   (You took it off Mennas on level 2 of the Vaults)

   It lets you fly.
Jewellery
 g - the ring of Conformity {*Confuse rPois Dex+2 Slay+5 Stlth-}
   (You found it on level 5 of the Vaults)

   [ring of loudness]

   It affects your dexterity (+2).
   It affects your accuracy and damage with ranged weapons and melee attacks
   (+5).
   It protects you from poison.
   It may confuse you when you take damage.
   It makes you less stealthy.
 i - the ring "Kean" {Fire Dex+8 Stlth+}
   (You found it on level 6 of the Pits of Slime)

   [ring of fire]

   It enhances your fire magic, and weakens your ice magic.
   It affects your dexterity (+8).
   It protects you from fire.
   It makes you vulnerable to cold.
   It makes you more stealthy.
 j - the amulet "Iraitoq" {Harm *Drain rC+ rN+}
   (You found it on level 6 of the Pits of Slime)

   [amulet of harm]

   It increases damage dealt and taken.
   It protects you from cold.
   It protects you from negative energy.
 q - the ring "Fozeolit" {+/*Tele Dex+3}
   (You found it in a treasure trove)

   [ring of teleportation]

   It may teleport you next to monsters, and can be evoked to randomly teleport.
   It affects your dexterity (+3).
 x - a +4 amulet of reflection
 y - the ring of Okawaru's Pride (right hand) {+Fly rElec Str+3 Int-2 Slay+5}
   (You bought it in a shop in a bazaar)

   [ring of strength]

   It affects your strength (+3).
   It affects your intelligence (-2).
   It affects your accuracy and damage with ranged weapons and melee attacks
   (+5).
   It insulates you from electricity.
   It lets you fly.
 A - the amulet of Pymuc (around neck) {Faith rC+ Dex+7 SInv}
   (You found it in a treasure trove)

   [amulet of faith]

   It allows you to gain divine favour quickly.
   It affects your dexterity (+7).
   It protects you from cold.
   It lets you see invisible.
 G - the ring of Noowia {rN+++ MR- Dex+2 Stlth+}
   (You found it in a treasure trove)

   [ring of dexterity]

   It affects your dexterity (+2).
   It renders you almost immune to negative energy.
   It affects your resistance to hostile enchantments.
   It makes you more stealthy.
 V - the ring "Vesump" (left hand) {rC++ MR+ Int-4 Dex+7}
   (You found it in a treasure trove)

   [ring of protection from magic]

   It affects your intelligence (-4).
   It affects your dexterity (+7).
   It greatly protects you from cold.
   It affects your resistance to hostile enchantments.
 X - a ring of the Octopus King {Wiz AC+1 EV+1 Str+1 Int+1 Dex+1}
   (You found it on level 15 of the Dungeon)

   [ring of wizardry]

   It improves your spell success rate.
   It affects your AC (+1).
   It affects your evasion (+1).
   It affects your strength (+1).
   It affects your intelligence (+1).
   It affects your dexterity (+1).
Wands
 e - a wand of cold (4/15)
 w - a wand of draining (8/15)
 C - a wand of digging (7/24)
 F - a wand of fireball (8/15)
 I - a wand of fire (6/15)
 M - a wand of cold (7/15)
 R - a wand of heal wounds (7/9)
 S - a wand of teleportation (6/9)
Scrolls
 h - 5 scrolls of magic mapping
 m - 16 scrolls of identify
 n - 6 scrolls of recharging
 r - 17 scrolls of teleportation
 t - 9 scrolls of remove curse
 L - 2 scrolls of fear
 Z - 2 scrolls of blinking
Potions
 d - 7 potions of cancellation
 o - 2 potions of might
 E - 2 potions of haste
 K - 18 potions of curing
 N - 4 potions of heal wounds
 P - 5 potions of cure mutation
Comestibles
 f - 34 bread rations
 J - 15 meat rations


   Skills:
 O Level 27 Fighting
 O Level 27 Axes
 + Level 1.3(16.2) Maces & Flails
 + Level 1.3 Throwing
 * Level 25.4 Armour
 * Level 8.4 Dodging
 - Level 1.0 Stealth
 O Level 27 Shields
 + Level 11.9 Invocations
 + Level 5.9 Evocations


You had 26 spell levels left.
You didn't know any spells.

Dungeon Overview and Level Annotations

Branches:
Dungeon (15/15)            Temple (1/1) D:6            Lair (8/8) D:11
 Shoals (4/4) Lair:4       Spider (4/4) Lair:3        Slime (6/6) Lair:8
    Orc (2/2) D:11            Elf (3/3) Orc:2        Vaults (5/5) D:13
  Crypt (0/3) Vaults:3     Depths (5/5) D:15            Zot (5/5) Depths:5

Altars:
Ashenzari
Cheibriados
Dithmenos
Elyvilon
Fedhas
Gozag
Kikubaaqudgha
Makhleb
Nemelex Xobeh
Okawaru
Pakellas
Qazlal
Ru
Sif Muna
Trog
Vehumet
Xom
Yredelemnul
Zin
The Shining One
Beogh
Jiyva

Shops:
D:9 *   D:10 *   D:13 }(   D:14 ??   Orc:2 :*(}   Elf:3 (   Vaults:2 [**?%
Vaults:5 =   Depths:2 *((*   Depths:5 [

Portals:
Hell: Depths:1 Depths:2 Depths:3 Depths:4 Depths:5
Abyss: Depths:4 Depths:5
Pandemonium: Depths:3
Ziggurat: Depths:1

Annotations:
Depths:5 1 runed door


Innate Abilities, Weirdness & Mutations

You can walk on water.
Your mind is acute. (Int +2)
Your flesh is very heat resistant.


Message History

The soul eater is moderately wounded.
You hear a grinding noise.
You barely miss the soul eater.
The soul eater is moderately wounded.
You block the soul eater's attack.
You hit the soul eater but do no damage.
The soul eater is moderately wounded.
You block the soul eater's attack.
You slice the soul eater!!
The soul eater is severely wounded.
You hear a grinding noise.
You slice the soul eater!!
You kill the soul eater!
You hear a grinding noise.
You hear a grinding noise.
You hear a grinding noise.
You hear a grinding noise.
There is an open door here.
There is a staircase leading out of the dungeon here.
You have escaped!

.#
#.#.##...#.....######
#.... )#
#.#.######.....#
#...# .# #...#
#.8.8.# #.... .#
#..## #.....# #....
.# #.## ##.....##
###.# .# #.#
#..8.8..# #.# .# #.##
##.....## #.. .# #..#
#8.....8# #.. .#
#..######...@...# #..
.# ##.......#########
##.. .# #..#######
#.# #... ## #.## #.#
#... ## #.#### #.#
#...
.###.##.########.#
#...
..##.#...........#
#..(
........#.######.#
#.#.
.....#.#.#######.#
#.#.


There were no monsters in sight!

Vanquished Creatures
  the Royal Jelly (Slime:6)
  3 ancient liches
  6 orbs of fire
  Sojobo (Vaults:4)
  Norris (Vaults:2)
  3 Killer Klowns
  A caustic shrike (Depths:4)
  3 curse toes
  9 golden dragons
  17 tentacled monstrosities
  A profane servitor (Abyss:1)
  Jory (Vaults:4)
  5 electric golems
  An Ice Fiend (Depths:1)
  A kraken (Shoals:3)
  9 death cobs
  22 Orb Guardians
  6 liches
  7 acid blobs
  A titan (Depths:3)
  A quicksilver dragon (Abyss:1)
  2 tentacled starspawn (Abyss:1)
  5 tengu reavers
  5 shadow dragons
  4 draconian monks
  6 azure jellies
  A revenant (Abyss:1)
  7 storm dragons
  Ilsuiw (Shoals:4)
  8 fire giants
  11 vault wardens
  The ghost of Chiseanne the Blocker, an adept DsWn of Pakellas (Shoals:1)
  7 draconian knights
  4 iron dragons
  3 deep elf sorcerers
  5 draconian zealots
  5 draconian scorchers
  A ghost moth (shapeshifter) (Vaults:5)
  The ghost of Voda the Nimble, a journeyman OpVM of Vehumet (Elf:1)
  An orc warlord (Vaults:3)
  A cacodemon (Abyss:1)
  12 frost giants
  An emperor scorpion (Spider:4)
  3 ghost moths
  Maud (D:10)
  5 ironheart preservers
  5 draconian shifters
  4 draconian annihilators
  2 deep elf elementalists
  7 very ugly things
  23 stone giants
  3 draconian callers
  3 spriggan defenders
  Nessos (Orc:2)
  4 deep elf demonologists
  3 salamander stormcallers
  A vampire knight (Depths:3)
  10 green draconians
  9 white draconians
  6 black draconians
  4 deep elf annihilators
  A lorocyproca (Depths:4)
  3 spark wasps (Depths:5)
  6 purple draconians
  10 red draconians
  10 yellow draconians
  5 mottled draconians
  6 ettins
  3 death oozes
  4 deep elf death magi
  4 merfolk javelineers
  10 merfolk impalers
  11 yaktaur captains
  A minotaur (shapeshifter) (Vaults:5)
  5 vault guards
  17 fire dragons
  3 hydras
  8 great orbs of eyes
  3 deep elf high priests
  8 entropy weavers
  20 ice dragons
  4 centaur warriors
  3 rakshasas (Depths:2)
  A juggernaut simulacrum (Depths:2)
  3 spriggan air magi
  An iron giant zombie (Depths:2)
  2 satyrs
  8 merfolk avatars
  Erica (Orc:1)
  2 death knights
  An anaconda (shapeshifter) (WizLab)
  A hell beast (Depths:3)
  6 deep troll shamans
  8 merfolk aquamancers
  A ghost crab (shapeshifter) (WizLab)
  13 dancing weapons
  6 deep troll earth magi
  15 ogre magi
  A titan zombie (Abyss:1)
  4 tengu warriors
  3 death yaks
  3 thrashing horrors (Abyss:1)
  4 orc high priests
  2 spriggan berserkers (Depths:5)
  A shock serpent (shapeshifter) (Vaults:5)
  A soul eater (D:1)
  2 vampire magi (Zot:3)
  A storm dragon zombie (Vaults:3)
  A spriggan (Depths:5)
  3 sun demons
  A titan skeleton (Abyss:1)
  12 deep elf knights
  2 skeletal warriors (D:15)
  A fire crab (Vaults:4)
  An iron golem (WizLab)
  A golden dragon zombie (Depths:1)
  4 wretched stars (Abyss:1)
  5 iron trolls
  4 shadow wraiths (Abyss:1)
  A salamander mystic (Depths:4)
  2 storm dragon skeletons
  2 fire crabs (shapeshifter)
  A flayed ghost (Depths:5)
  19 hell knights
  A deep troll (shapeshifter) (WizLab)
  8 sea snakes
  12 deep trolls
  4 starcursed masses (Abyss:1)
  8 deep elf archers
  An unseen horror (Vaults:1)
  A swamp dragon (shapeshifter) (Depths:4)
  6 giant orange brains
  A lindwurm (D:15)
  7 harpies
  A golden dragon skeleton (Abyss:1)
  4 hill giants
  A wizard (Elf:1)
  A wolf spider zombie (Vaults:1)
  Pikel (D:7)
  A phantasmal warrior (Vaults:3)
  19 necromancers
  2 orc knights
  10 orb spiders
  A harpy (shapeshifter) (WizLab)
  6 shining eyes
  27 deep elf magi
  6 ironbrand convokers
  14 manticores
  A hornet (Vaults:4)
  15 wolf spiders
  30 ugly things
  2 hornets (shapeshifter)
  A sphinx skeleton (Depths:2)
  2 orc sorcerers (Orc:2)
  13 cyclopes
  A worldbinder (Abyss:1)
  9 griffons
  9 fauns
  24 moths of wrath
  An iron dragon skeleton (Depths:2)
  5 elephants
  A sixfirhy (Abyss:1)
  4 water nymphs
  A salamander (shapeshifter) (WizLab)
  A frost giant skeleton (Depths:2)
  5 salamanders
  An elephant (shapeshifter) (Elf:1)
  A water nymph (shapeshifter) (WizLab)
  2 moths of wrath (shapeshifter)
  A guardian serpent (shapeshifter) (WizLab)
  2 rust devils
  A centaur zombie (D:11)
  Prince Ribbit (D:7)
  6 sirens
  5 smoke demons
  An apocalypse crab (Abyss:1)
  12 vault sentinels
  An orange demon (D:10)
  A stone giant skeleton (Abyss:1)
  2 eyes of devastation
  2 black mambas (shapeshifter) (WizLab)
  A black mamba (Lair:7)
  A torpor snail (Spider:2)
  An elf skeleton (Depths:2)
  8 spiny frogs
  43 yaktaurs
  2 yaktaurs (shapeshifter)
  2 kobold demonologists
  A spark wasp simulacrum (Depths:1)
  A yaktaur skeleton (Vaults:3)
  2 fire drakes
  6 ancient zymes (Abyss:1)
  7 demonic crawlers
  A hellwing (Depths:5)
  4 komodo dragons
  An ice devil (Depths:3)
  A fire drake (shapeshifter) (WizLab)
  A queen bee (shapeshifter) (WizLab)
  2 tengu conjurers
  10 jumping spiders
  5 freezing wraiths
  4 trolls
  A queen bee (D:8)
  28 merfolk
  A giant leech (Lair:8)
  2 polar bears (D:11)
  2 two-headed ogres (shapeshifter) (WizLab)
  A wind drake (shapeshifter) (Vaults:1)
  4 wind drakes
  31 two-headed ogres
  A blink frog (Lair:8)
  18 large abominations
  80 slime creatures
  3 boulder beetles
  2 raiju (Abyss:1)
  An ice dragon zombie (Depths:1)
  2 blink frogs (shapeshifter)
  6 snapping turtles
  3 ettin zombies (Depths:2)
  12 trapdoor spiders
  A centaur simulacrum (D:11)
  33 redbacks
  An ettin skeleton (Vaults:3)
  4 shadows
  A redback (shapeshifter) (WizLab)
  2 spriggans (shapeshifter)
  9 tarantellas
  6 air elementals
  5 ynoxinuls
  2 hogs (shapeshifter) (WizLab)
  2 yaks (shapeshifter) (WizLab)
  A wyvern (D:13)
  3 fire elementals
  A neqoxec (Abyss:1)
  17 water elementals
  A human (shapeshifter) (D:13)
  37 yaks
  5 wraiths
  25 killer bees
  19 golden eyes
  A golden eye (shapeshifter) (WizLab)
  A basilisk (shapeshifter) (WizLab)
  5 hippogriffs
  A redback simulacrum (Vaults:1)
  2 basilisks
  9 vampire mosquitoes
  A chaos spawn (Abyss:1)
  Menkaure (D:6)
  A mottled dragon (D:11)
  A steam dragon (D:12)
  8 wargs
  5 wolves
  9 water moccasins
  A hell hound (Orc:2)
  Duvessa (D:6)
  15 orc warriors
  8 porcupines
  6 ice beasts
  A spriggan simulacrum (Depths:2)
  5 sky beasts
  6 eyes of draining
  A phantom (D:10)
  46 ogres
  3 wasps
  2 necrophages
  A swamp dragon skeleton (Abyss:1)
  10 centaurs
  10 crocodiles
  The ghost of M4edhros the Charlatan, an amateur OpAr (D:5)
  A big kobold (shapeshifter) (Vaults:5)
  A big kobold (D:11)
  17 giant frogs
  A gnoll sergeant (D:7)
  Dowan (D:6)
  A human skeleton (Vaults:1)
  5 scorpions
  20 small abominations
  5 wights
  3 electric eels
  14 crimson imps
  A lava snake (Lair:7)
  A giant frog zombie (D:11)
  24 jellies
  5 quasits
  8 hounds
  7 orc priests
  5 giant frog skeletons
  2 centaur skeletons
  10 iguanas
  An iron imp (Abyss:1)
  Jessica (D:3)
  11 orc wizards
  12 worker ants
  26 sheep
  A worker ant zombie (D:9)
  6 gnolls
  17 adders
  37 river rats
  A hound simulacrum (D:11)
  3 shadow imps
  15 white imps
  A giant eyeball (WizLab)
  5 ufetubi
  4 oozes
  An adder zombie (D:9)
  An adder skeleton (D:10)
  A worm (D:2)
  11 giant geckos
  62 orcs
  14 ball pythons
  22 bats
  5 giant cockroaches
  2 goblins (D:1)
  5 hobgoblins
  9 jackals
  A quokka (D:2)
  A giant gecko skeleton (D:5)
  A giant gecko zombie (D:8)
  5 giant newts
  2 gnoll zombies (D:5)
  A jackal skeleton (D:7)
  13 kobolds
  45 rats
  A crawling corpse (Vaults:5)
  4 fungi
  11 plants
  A starspawn tentacle (Abyss:1)
  3 tentacles (Shoals:3)
  4 withered plants (D:15)
2027 creatures vanquished.

Vanquished Creatures (collateral kills)
  An orb of fire (Zot:5)
  Mennas (Vaults:2)
  2 Killer Klowns
  2 golden dragons (Zot:3)
  3 tentacled monstrosities
  The ghost of Chiseanne the Champion of Chaos, an adept DDAr of Makhleb (Elf:3)
  5 Orb Guardians (Zot:5)
  Rupert (Lair:4)
  2 deep elf blademasters
  2 quicksilver dragons
  12 acid blobs
  A sphinx (Vaults:3)
  2 death cobs
  The ghost of Daviar the Brawler, an adept TrBe of Trog (Spider:2)
  7 storm dragons
  5 shadow dragons
  A draconian monk (Zot:5)
  8 frost giants
  6 fire giants
  3 azure jellies
  2 ghost moths
  3 deep elf sorcerers
  A draconian zealot (Zot:3)
  5 vault wardens
  A draconian annihilator (Zot:3)
  2 ghouls (Vaults:3)
  6 emperor scorpions
  2 deep elf elementalists
  4 ironheart preservers
  3 very ugly things
  A war gargoyle (Vaults:5)
  A deep elf demonologist (Elf:3)
  7 deep elf annihilators
  8 stone giants
  A draconian caller (Zot:4)
  2 red draconians (Zot:3)
  2 green draconians
  2 black draconians
  2 mottled draconians
  Azrael (Orc:2)
  2 white draconians
  A purple draconian (Zot:4)
  6 ettins
  A merfolk javelineer (Depths:5)
  5 deep elf death magi
  7 death oozes (Slime:6)
  5 merfolk impalers
  11 fire dragons
  21 vault guards
  5 yaktaur captains
  3 rakshasas (Depths:2)
  Josephine (Orc:2)
  2 entropy weavers
  A quicksilver dragon zombie (D:15)
  Harold (Lair:2)
  7 ogre magi
  Fannar (Orc:1)
  A crystal guardian (Vaults:3)
  7 hydras
  8 great orbs of eyes
  4 ice dragons
  A catoblepas (D:13)
  A death knight (Vaults:3)
  3 centaur warriors
  A merfolk aquamancer (Shoals:1)
  6 tengu warriors
  12 dancing weapons
  2 death yaks (Lair:5)
  A deep troll earth mage (Depths:3)
  A deep troll shaman (Depths:3)
  A vampire mage (Vaults:3)
  The ghost of Chiseanne the Grand Gadgeteer, a novice DsFi of Pakellas (Orc:1)
  An orc high priest (Orc:2)
  6 hell knights
  18 deep elf knights
  A wretched star (Abyss:1)
  2 fire crabs
  4 skeletal warriors
  A flayed ghost (D:15)
  A salamander mystic (Depths:4)
  A hornet (shapeshifter) (D:15)
  5 iron trolls
  8 deep trolls
  A spark wasp zombie (D:15)
  2 unseen horrors
  3 sea snakes (Shoals:3)
  19 deep elf archers
  2 giant orange brains
  A torturous demonspawn (Depths:3)
  5 hill giants
  9 harpies
  7 orc knights
  5 ironbrand convokers
  4 lindwurms
  A hill giant (shapeshifter) (Vaults:5)
  A harpy (shapeshifter) (Vaults:4)
  2 necromancers
  6 orb spiders
  19 ugly things
  3 hornets
  3 shining eyes
  50 deep elf magi
  An oklob plant (Lair:7)
  10 wolf spiders
  2 orc sorcerers
  3 fauns
  2 griffons (Vaults:1)
  7 cyclopes
  2 manticores (Shoals:2)
  4 salamanders (Depths:4)
  3 moths of wrath
  A water nymph (Shoals:1)
  7 black mambas
  A siren (Shoals:1)
  4 elephants (Lair:6)
  A sphinx skeleton (Vaults:3)
  6 vault sentinels
  A smoke demon (Abyss:1)
  2 eyes of devastation
  A torpor snail (Lair:4)
  9 spiny frogs
  26 yaktaurs
  2 kobold demonologists
  6 komodo dragons
  A warg (shapeshifter) (Vaults:2)
  2 efreet
  An ancient zyme (Abyss:1)
  An ice devil (Depths:3)
  9 orc warriors
  4 demonic crawlers
  3 tengu conjurers
  2 freezing wraiths
  22 two-headed ogres
  A queen bee (shapeshifter) (Vaults:5)
  19 jumping spiders
  3 trolls
  A two-headed ogre (shapeshifter) (Vaults:5)
  A giant leech (shapeshifter) (Depths:1)
  13 merfolk
  A wind drake (Shoals:3)
  A boulder beetle (Vaults:4)
  An ettin zombie (D:15)
  A giant leech (Lair:8)
  A wind drake (shapeshifter) (Elf:1)
  A fire dragon zombie (D:15)
  3 snapping turtles
  9 blink frogs
  33 slime creatures
  7 trapdoor spiders
  4 air elementals
  30 redbacks
  A raiju (shapeshifter) (D:13)
  A flying skull (Vaults:3)
  10 tarantellas
  10 water elementals
  3 wraiths
  2 wyverns
  31 yaks
  3 basilisks
  A fire bat (shapeshifter) (Vaults:1)
  5 golden eyes
  12 vampire mosquitoes
  6 fire elementals
  A hippogriff (shapeshifter) (Vaults:4)
  5 hippogriffs
  3 large abominations
  A hungry ghost (D:12)
  11 wolves
  2 wargs
  7 water moccasins
  6 porcupines
  A black bear (Lair:2)
  5 eyes of draining
  A phantom (D:14)
  4 necrophages
  4 small abominations
  24 ogres
  10 centaurs
  10 crocodiles
  A big kobold (D:15)
  21 giant frogs
  4 earth elementals
  A wyvern skeleton (D:12)
  2 wights (D:12)
  A killer bee (D:7)
  3 electric eels (Lair:8)
  10 jellies
  A quasit (D:13)
  An iron imp (Depths:3)
  2 hounds (Lair:2)
  2 iguanas
  3 orc wizards
  12 orc priests
  11 sheep
  31 river rats
  2 shadow imps
  An ufetubus (D:13)
  21 orcs
  3 kobolds
  A bush (Elf:1)
  3 crawling corpses
  A fire vortex (D:13)
  24 fungi
  25 plants
  A starspawn tentacle (Abyss:1)
  4 withered plants (D:15)
1091 creatures vanquished.

Vanquished Creatures (others)
  Margery (Depths:4)
  A tentacled monstrosity (Vaults:5)
  2 deep elf master archers (Elf:3)
  A deep elf blademaster (Elf:3)
  10 orc warlords
  2 stone giants (Depths:2)
  4 deep elf elementalists
  2 deep elf annihilators
  A yaktaur captain (Depths:4)
  4 orc high priests
  A centaur warrior (Depths:1)
  A satyr (Shoals:2)
  A deep elf archer (Vaults:2)
  A necromancer (Depths:2)
  40 orc knights
  A deep elf mage (Vaults:5)
  10 orc sorcerers
  A griffon (Shoals:4)
  5 yaktaurs
  37 orc priests
  A jumping spider (shapeshifter) (WizLab)
  A basilisk (D:15)
  A vampire mosquito (Lair:8)
  46 orc warriors
  A swamp drake (shapeshifter) (Vaults:2)
  3 slaves (D:7)
  2 ogres
  4 centaurs
  A giant frog (Lair:8)
  5 killer bees
  17 orc wizards
  An iguana (D:7)
  3 river rats (Lair:8)
  3 giant eyeballs (WizLab)
  An ufetubus (D:11)
  83 orcs
  15 fungi
  A lurking horror (Abyss:1)
  34 plants
  2 starspawn tentacle segments (Abyss:1)
  4 tentacles (Shoals:3)
  112 tentacle segments (Shoals:3)
467 creatures vanquished.

Grand Total: 3585 creatures vanquished

Notes
Turn   | Place    | Note
--------------------------------------------------------------
     0 | D:1      | dvd the Hill Orc Fighter began the quest for the Orb.
     0 | D:1      | Reached XP level 1. HP: 19/19 MP: 1/1
    70 | D:1      | Reached XP level 2. HP: 16/27 MP: 2/2
   460 | D:1      | Reached XP level 3. HP: 33/33 MP: 3/3
   645 | D:2      | Reached skill level 4 in Fighting
   757 | D:2      | Reached skill level 1 in Dodging
  1003 | D:2      | Reached XP level 4. HP: 40/40 MP: 4/4
  1423 | D:2      | Found an oddly glowing altar of Pakellas.
  1987 | D:3      | Noticed Jessica
  1998 | D:3      | Killed Jessica
  1998 | D:3      | Reached XP level 5. HP: 46/46 MP: 5/5
  2714 | D:4      | Reached XP level 6. HP: 49/53 MP: 6/6
  2768 | D:4      | Noticed a two-headed ogre
  2779 | D:4      | Killed a two-headed ogre
  2779 | D:4      | Reached skill level 5 in Fighting
  2779 | D:4      | Reached skill level 5 in Shields
  2952 | D:4      | Reached XP level 7. HP: 57/61 MP: 7/7
  3275 | D:5      | Entered Level 5 of the Dungeon
  3697 | D:5      | Found a basalt altar of Yredelemnul.
  3704 | D:5      | Got a crystal dagger
  3705 | D:5      | Identified the +3 dagger "Reekiar" {antimagic, rF+} (You found it on level 5 of the Dungeon)
  4070 | D:5      | Noticed M4edhros's ghost (amateur OpAr)
  4087 | D:5      | Killed M4edhros's ghost
  4087 | D:5      | Reached skill level 5 in Axes
  4101 | D:5      | Reached skill level 6 in Fighting
  4101 | D:5      | Reached skill level 5 in Armour
  4101 | D:5      | Reached XP level 8. HP: 43/70 MP: 8/8
  4449 | D:5      | Reached skill level 1 in Throwing
  4789 | D:6      | Noticed Duvessa
  4789 | D:6      | Noticed Dowan
  4802 | D:6      | Killed Duvessa
  4808 | D:6      | Killed Dowan
  4902 | D:6      | Found a glowing drain.
  4945 | Sewer    | Entered a sewer
  6161 | D:6      | Found a staircase to the Ecumenical Temple.
  6210 | D:6      | Noticed Menkaure
  6221 | D:6      | Killed Menkaure
  6221 | D:6      | Reached skill level 1 in Stealth
  6221 | D:6      | Reached skill level 7 in Shields
  6266 | D:6      | Reached XP level 9. HP: 14/78 MP: 9/9
  6419 | D:6      | Became a worshipper of Beogh the Brigand
  7298 | Temple   | Entered the Ecumenical Temple
  7530 | D:7      | Noticed Pikel
  7582 | D:7      | Killed Pikel
  7582 | D:7      | Reached skill level 8 in Shields
  7711 | D:7      | Found a blossoming altar of Fedhas.
  7821 | D:7      | Reached * piety under Beogh
  8130 | D:7      | Noticed Prince Ribbit
  8171 | D:7      | Killed Prince Ribbit
  8171 | D:7      | Reached skill level 1 in Evocations
  8171 | D:7      | Reached XP level 10. HP: 45/88 MP: 10/10
  8819 | D:8      | Reached skill level 9 in Shields
  9220 | D:8      | Reached ** piety under Beogh
  9855 | D:9      | Found Ysomoed's Assorted Antiques.
  9933 | D:9      | Found an opulent altar of Gozag.
 10106 | D:9      | Reached skill level 1 in Invocations
 10535 | D:10     | Entered Level 10 of the Dungeon
 10573 | D:10     | Noticed Maud
 10910 | D:10     | Found Divis's Assorted Antiques.
 10923 | D:10     | Bought a pair of embroidered boots for 117 gold pieces
 10938 | D:9      | Identified a +0 pair of boots of running (You bought it in a shop on level 10 of the Dungeon)
 10985 | D:10     | Killed Maud
 10985 | D:10     | Reached skill level 10 in Shields
 10985 | D:10     | Reached XP level 11. HP: 69/97 MP: 11/13
 11192 | D:10     | Bought a cloak for 117 gold pieces
 11411 | D:10     | Reached skill level 10 in Axes
 11435 | D:10     | Noticed a hill giant
 11442 | D:10     | Killed a hill giant
 12014 | D:11     | Found a staircase to the Orcish Mines.
 12671 | D:11     | Reached *** piety under Beogh
 12781 | D:11     | Found a staircase to the Lair.
 12878 | D:11     | Reached skill level 5 in Invocations
 13026 | D:11     | Noticed a hill giant
 13044 | D:11     | Killed a hill giant
 13044 | D:11     | Reached skill level 10 in Fighting
 13082 | D:11     | Got a twisted cloak
 13093 | D:11     | Identified the +1 cloak of Zetohui {+Blink rN+++ MR- Stlth-} (You found it on level 11 of the Dungeon)
 13158 | D:11     | Reached skill level 11 in Shields
 13221 | D:11     | Reached **** piety under Beogh
 13567 | Lair:1   | Entered Level 1 of the Lair of Beasts
 13703 | Lair:1   | Reached XP level 12. HP: 87/106 MP: 16/16
 14373 | Lair:2   | Noticed an eight-headed hydra
 14377 | Lair:2   | Killed an eight-headed hydra
 14377 | Lair:2   | Reached ***** piety under Beogh
 14405 | Lair:2   | Reached skill level 12 in Axes
 14637 | Lair:2   | Reached skill level 10 in Armour
 14661 | Lair:2   | Gained Korbok as an ally
 14857 | Lair:2   | Got an encrusted mace
 14858 | Lair:2   | Identified the cursed +1 mace "Fubar" {flame, Int+3 Dex+4} (You found it on level 2 of the Lair of Beasts)
 15025 | Lair:2   | Noticed Harold
 15040 | Lair:2   | Killed Harold
 15306 | Lair:3   | Found a hole to the Spider Nest.
 15628 | Lair:3   | Noticed a four-headed hydra
 15637 | Lair:3   | Killed a four-headed hydra
 15821 | Orc:1    | Entered Level 1 of the Orcish Mines
 15853 | Orc:1    | Noticed an orc warlord
 16336 | Orc:2    | Entered Level 2 of the Orcish Mines
 16372 | Orc:2    | Noticed Azrael
 16541 | Orc:2    | Reached skill level 13 in Axes
 16646 | Orc:2    | Found Simit's Gadget Boutique.
 16653 | Orc:2    | Reached XP level 13. HP: 114/116 MP: 17/17
 16668 | Orc:2    | Found Nyqiukk's Antique Weapon Shop.
 16769 | Orc:2    | Gained Borgun as an ally
 16777 | Orc:2    | Found a roughly hewn altar of Beogh.
 16983 | Orc:2    | Gained Warrok as an ally
 17109 | Orc:2    | Killed Azrael
 17109 | Orc:2    | Gained Bogbrand as an ally
 17132 | Orc:2    | Reached ****** piety under Beogh
 17154 | Orc:1    | Gained Learuk as an ally
 17609 | Lair:4   | Gained Arkwar as an ally
 17810 | Lair:4   | Noticed Rupert
 17810 | Lair:4   | Paralysed by Rupert for 2 turns
 17826 | Lair:4   | Killed Rupert
 18263 | Lair:4   | Found a staircase to the Shoals.
 18578 | Lair:5   | Reached skill level 14 in Axes
 18874 | Lair:5   | Gained mutation: You are agile. (Dex +2) [potion of beneficial mutation]
 18875 | Lair:5   | Gained mutation: You are somewhat resistant to further mutation. [potion of beneficial mutation]
 19697 | Lair:6   | Found an iron altar of Okawaru.
 19879 | Lair:6   | Reached skill level 5 in Dodging
 20271 | Lair:7   | Reached XP level 14. HP: 126/126 MP: 15/18
 20305 | Lair:7   | Gained Orkrul as an ally
 20507 | Lair:7   | Gained Orkwin as an ally
 21073 | Lair:8   | Entered Level 8 of the Lair of Beasts
 21089 | Lair:8   | Reached skill level 15 in Axes
 21284 | Lair:8   | Your ally Arkwar died
 21385 | Lair:8   | Found a staircase to the Slime Pits.
 22522 | D:12     | Found a white marble altar of Elyvilon.
 22554 | D:12     | Got a translucent ring mail
 22565 | D:12     | Identified the +3 ring mail of the Present {Regen+} (You found it on level 12 of the Dungeon)
 22640 | D:12     | Your ally Orkwin died
 23686 | D:13     | Reached skill level 16 in Axes
 23771 | D:13     | Found Befiowno's Gadget Boutique.
 23779 | D:13     | Bought a wand of heal wounds (2/9) for 540 gold pieces
 23842 | D:13     | Found Koukka's Antique Weapon Emporium.
 23917 | D:13     | Found a gate to the Vaults.
 24265 | Orc:1    | Noticed Chiseanne's ghost (novice DsFi)
 24272 | Orc:1    | Killed Chiseanne's ghost
 24277 | Orc:1    | Noticed Erica
 24278 | Orc:1    | Found a roughly hewn altar of Beogh.
 24286 | Orc:1    | Noticed Fannar
 24290 | Orc:1    | Killed Erica
 24290 | Orc:1    | Reached skill level 1 in Maces & Flails
 24299 | Orc:1    | Killed Fannar
 24299 | Orc:1    | Reached XP level 15. HP: 114/137 MP: 20/20
 24515 | Orc:2    | Gained Grimold as an ally
 24547 | Orc:2    | Found a staircase to the Elven Halls.
 24552 | Elf:1    | Entered Level 1 of the Elven Halls
 24588 | Elf:1    | Found a radiant altar of Vehumet.
 24814 | Elf:1    | Noticed a Shadow Fiend
 24818 | Elf:1    | Your ally Bogbrand died
 25466 | Elf:1    | Noticed Voda's ghost (journeyman OpVM)
 25477 | Elf:1    | Killed Voda's ghost
 25477 | Elf:1    | Reached skill level 15 in Fighting
 25482 | Elf:1    | Your ally Orkrul died
 25484 | Elf:1    | Your ally Grimold died
 25486 | Elf:1    | Gained Beowulf as an ally
 26287 | Elf:1    | Identified Galuecu's Catalogue of Boosting Necromancy (You found it on level 1 of the Elven Halls)
 26839 | Orc:2    | Gained Arkwar as an ally
 26841 | Orc:2    | Your ally Arkwar died
 27099 | Elf:2    | Noticed a deep elf sorcerer
 27105 | Elf:2    | Killed a deep elf sorcerer
 27105 | Elf:2    | Gained Gorm as an ally
 27175 | Elf:2    | Reached skill level 17 in Axes
 27633 | Elf:2    | Found a huge runed gate.
 27633 | Elf:2    | Found a huge runed gate.
 27633 | Elf:2    | Found a huge runed gate.
 27634 | Elf:2    | Found a huge runed gate.
 27636 | Elf:2    | Found a huge runed gate.
 27806 | Elf:2    | Reached XP level 16. HP: 112/152 MP: 21/21
 27960 | Elf:2    | Noticed a deep elf blademaster
 27977 | Elf:2    | Your ally Korbok died
 27978 | Elf:2    | Your ally Beowulf died
 27981 | Elf:2    | Killed a deep elf blademaster
 28464 | Orc:2    | Noticed Nessos
 28471 | Orc:2    | Killed Nessos
 28557 | Orc:2    | Found Loteot's General Store.
 28558 | Orc:2    | Gained Brandogh as an ally
 28587 | Orc:2    | Found a roughly hewn altar of Beogh.
 29189 | Elf:2    | Your ally Learuk died
 29289 | Elf:2    | Gained Wardok as an ally
 29314 | Elf:2    | Reached skill level 18 in Fighting
 29812 | D:14     | Found Ethraenk's Magic Scroll Emporium.
 30021 | D:14     | Found Pukawopp's Magic Scroll Shop.
 30459 | D:14     | Gained Morguth as an ally
 30463 | D:14     | Reached skill level 15 in Armour
 30467 | D:14     | Gained Borgoth as an ally
 30879 | D:15     | Entered Level 15 of the Dungeon
 30944 | D:15     | Found a staircase to the Depths.
 30960 | D:15     | Your ally Borgoth died
 30967 | D:15     | Your ally Wardok died
 31057 | D:15     | Gained Ognian as an ally
 31064 | D:15     | Reached skill level 15 in Shields
 31205 | D:15     | Your ally Morguth died
 31640 | D:15     | Reached skill level 19 in Fighting
 31660 | D:15     | Got a ring of the Octopus King
 31662 | D:15     | Identified a ring of the Octopus King {Wiz AC+1 EV+1 Str+1 Int+1 Dex+1} (You found it on level 15 of the Dungeon)
 32144 | Elf:3    | Entered Level 3 of the Elven Halls
 32295 | Elf:3    | Reached XP level 17. HP: 163/168 MP: 22/22
 32320 | Elf:3    | Noticed Chiseanne's ghost (adept DDAr)
 32327 | Elf:3    | Found Ugetod's Antique Weapon Shoppe.
 32336 | Elf:3    | Killed Chiseanne's ghost
 32688 | Elf:3    | Noticed a deep elf blademaster
 32703 | Elf:3    | Killed a deep elf blademaster
 32703 | Elf:3    | Gained Gorbash as an ally
 32704 | Elf:3    | Your ally Gorbash died
 32726 | Elf:3    | Noticed a deep elf master archer
 32729 | Elf:3    | Noticed a deep elf blademaster
 32733 | Elf:3    | Noticed a Shadow Fiend
 32747 | Elf:3    | Killed a deep elf master archer
 32750 | Elf:3    | Your ally Borgun died
 32752 | Elf:3    | Killed a deep elf blademaster
 32756 | Elf:3    | Your ally Ognian died
 32770 | Elf:3    | Killed a ghostly deep elf blademaster
 32784 | Elf:3    | Your ally Warrok died
 32808 | Elf:3    | Noticed an Ice Fiend
 32822 | Elf:3    | Your ally Brandogh died
 32822 | Elf:3    | HP: 3/168 [deep elf annihilator/bolt of lightning (33)]
 32825 | Elf:3    | Your ally Gorm died
 33406 | Orc:2    | Gained Borgoth as an ally
 33442 | Orc:2    | Bought a scroll of enchant weapon for 90 gold pieces
 33463 | Orc:2    | Found Liyjuj's Book Emporium.
 33465 | Orc:2    | Noticed Josephine
 33483 | Orc:2    | Killed Josephine
 34385 | Elf:3    | Noticed a deep elf master archer
 34390 | Elf:3    | Killed a deep elf master archer
 34692 | Elf:3    | Identified the Guide on Confrontation
 34845 | Elf:3    | Got a jewelled great sword
 34846 | Elf:3    | Identified the +9 great sword "Newtbane" {venom, rF+ Str+3} (You found it on level 3 of the Elven Halls)
 34916 | Elf:3    | Got a polished scale mail
 34927 | Elf:3    | Identified the cursed +0 scale mail of Nofogguobau {rElec rC+ Regen+} (You found it on level 3 of the Elven Halls)
 35031 | Elf:3    | Got a fine battleaxe
 35037 | Elf:3    | Identified the +9 battleaxe of Waur {freeze, MP+9 Str-5 Int+3 Dex+4 SInv} (You found it on level 3 of the Elven Halls)
 35144 | Elf:3    | Got a polished short sword {pierce}
 35145 | Elf:3    | Identified the +10 short sword "Ocuozoiph" {pierce, Int+4 Dex+8} (You took it off a deep elf demonologist on level 3 of the Elven Halls)
 35466 | Spider:1 | Entered Level 1 of the Spider Nest
 35505 | Spider:1 | Lost mutation: You are agile. (Dex +2) [potion of cure mutation]
 35505 | Spider:1 | Lost mutation: You are somewhat resistant to further mutation. [potion of cure mutation]
 35649 | Spider:1 | Gained Alork as an ally
 35658 | Spider:1 | Gained Syrus as an ally
 36085 | Spider:1 | Reached skill level 20 in Fighting
 36980 | Spider:2 | Noticed Daviar's ghost (adept TrBe)
 36985 | Spider:2 | Gained Urtork as an ally
 36985 | Spider:2 | Reached XP level 18. HP: 178/178 MP: 24/24
 36997 | Spider:2 | Your ally Syrus died
 37005 | Spider:2 | Killed Daviar's ghost
 37013 | Spider:2 | Gained Ugbert as an ally
 37531 | Spider:2 | Your ally Urtork died
 37701 | Spider:2 | Your ally Borgoth died
 39179 | Spider:3 | Your ally Ugbert died
 39198 | Spider:4 | Entered Level 4 of the Spider Nest
 39322 | Spider:4 | Gained Arbeogh as an ally
 40690 | Spider:4 | Your ally Alork died
 40738 | Spider:4 | Your ally Arbeogh died
 40805 | Spider:4 | Got a gossamer rune of Zot
 41146 | Shoals:1 | Entered Level 1 of the Shoals
 41192 | Shoals:1 | Noticed Chiseanne's ghost (adept DsWn)
 41284 | Shoals:1 | Killed Chiseanne's ghost
 41377 | Shoals:1 | Gained Marbork as an ally
 42695 | Shoals:2 | Reached XP level 19. HP: 188/188 MP: 25/25
 42778 | Shoals:3 | Reached skill level 21 in Fighting
 42954 | Shoals:3 | Got a faintly glowing mace
 42955 | Shoals:3 | Identified the +11 mace of Wondrous Power {speed, MP+9 Str+4 SInv} (You found it on level 3 of the Shoals)
 43175 | Shoals:3 | Gained Garbold as an ally
 43454 | Shoals:3 | Your ally Marbork died
 43850 | Shoals:3 | Your ally Garbold died
 43921 | Shoals:4 | Entered Level 4 of the Shoals
 43924 | Shoals:4 | Noticed Ilsuiw
 44321 | Shoals:4 | Killed Ilsuiw
 45081 | Shoals:4 | Gained Hilgar as an ally
 45292 | Shoals:4 | Your ally Hilgar died
 45654 | Shoals:4 | Got a barnacled rune of Zot
 46081 | Shoals:4 | Got a coiled wooden ring
 46083 | Shoals:4 | Identified the ring of Fun {Int+8 Stlth-} (You found it on level 4 of the Shoals)
 46634 | Vaults:1 | Entered Level 1 of the Vaults
 47153 | Vaults:1 | Gained Orkrul as an ally
 47275 | Vaults:1 | Reached XP level 20. HP: 200/200 MP: 26/26
 47858 | Vaults:1 | Gained Judas as an ally
 47867 | Vaults:1 | Gained Brandogh as an ally
 48235 | Vaults:1 | Gained Gorg as an ally
 48245 | Vaults:1 | Reached skill level 22 in Fighting
 48408 | Vaults:2 | Found Rarawitz's Food Boutique.
 48451 | Vaults:2 | Found Kuqung's Assorted Antiques.
 48458 | Vaults:2 | Bought a brightly glowing helmet for 323 gold pieces
 48468 | Vaults:2 | Identified the +2 helmet of Card Tricks {rPois rF+ Int+4} (You bought it in a shop on level 2 of the Vaults)
 48485 | Vaults:2 | Found Huelud's Antique Armour Shop.
 48485 | Vaults:2 | Noticed Mennas
 48497 | Vaults:2 | Your ally Gorg died
 48523 | Vaults:2 | Killed Mennas
 48536 | Vaults:2 | Got a brightly glowing large shield
 48547 | Vaults:2 | Identified the +4 large shield of Complete Protection {+Fly} (You took it off Mennas on level 2 of the Vaults)
 48676 | Vaults:2 | Found Cimyah's General Store.
 48741 | Vaults:2 | Found a magical portal.
 48785 | WizLab   | Entered Cigotuvi's Fleshworks
 48792 | WizLab   | Your ally sickly died
 48816 | WizLab   | Your ally hideous died
 49069 | WizLab   | Paralysed by a giant eyeball for 4 turns
 49076 | WizLab   | Paralysed by a giant eyeball for 4 turns
 49190 | WizLab   | Paralysed by a giant eyeball for 4 turns
 49198 | WizLab   | Paralysed by a giant eyeball for 4 turns
 49219 | WizLab   | Paralysed by a giant eyeball for 3 turns
 49796 | WizLab   | Your ally grotesque died
 49903 | WizLab   | Identified Cigotuvi's Almanac of Transmigration and Dark Secrets
 49908 | WizLab   | Identified the Grimoire of Transmigration and Stones (You found it in a wizard's laboratory)
 50111 | Vaults:2 | Gained mutation: Your body sometimes deteriorates upon taking damage. [potion of mutation]
 50111 | Vaults:2 | Gained mutation: You expend magic power (3 MP) to strengthen your wands. [potion of mutation]
 50112 | Vaults:2 | Gained mutation: Your magical capacity is low (-10% MP). [potion of mutation]
 50112 | Vaults:2 | Gained mutation: You are weak. (Str -2) [potion of mutation]
 50113 | Vaults:2 | Gained mutation: Your mind is acute. (Int +2) [potion of mutation]
 50113 | Vaults:2 | Gained mutation: Your flesh is cold resistant. [potion of mutation]
 50114 | Vaults:2 | Lost mutation: You are weak. (Str -2) [potion of cure mutation]
 50114 | Vaults:2 | Lost mutation: Your body sometimes deteriorates upon taking damage. [potion of cure mutation]
 50114 | Vaults:2 | Lost mutation: Your magical capacity is low (-10% MP). [potion of cure mutation]
 50114 | Vaults:2 | Lost mutation: Your mind is acute. (Int +2) [potion of cure mutation]
 50114 | Vaults:2 | Lost mutation: Your flesh is cold resistant. [potion of cure mutation]
 50115 | Vaults:2 | Gained mutation: Your flesh is heat resistant. [potion of beneficial mutation]
 50116 | Vaults:2 | Gained mutation: Your spells are a little harder to cast, but a little more powerful. [potion of beneficial mutation]
 50117 | Vaults:2 | Gained mutation: Your flesh is very heat resistant. [potion of beneficial mutation]
 50118 | Vaults:2 | Gained mutation: You are robust (+10% HP). [potion of beneficial mutation]
 50689 | Vaults:2 | Your ally Judas died
 50901 | Vaults:2 | Noticed Norris
 50922 | Vaults:2 | Killed Norris
 51222 | Vaults:2 | Found Menop's Magic Scroll Shop.
 51242 | Vaults:2 | Bought a scroll of enchant weapon for 90 gold pieces
 51321 | Vaults:2 | Gained Oreg as an ally
 51488 | Vaults:2 | Bought a runed cloak for 216 gold pieces
 51889 | Vaults:3 | Found a roughly hewn altar of Beogh.
 52166 | Vaults:3 | Reached XP level 21. HP: 227/229 MP: 28/28
 52354 | Vaults:3 | Gained Wardok as an ally
 52968 | Vaults:3 | Found a portal to a secret trove of treasure.
 53086 | Vaults:3 | Gained Brandogh as an ally
 53150 | Vaults:3 | Found a staircase to the Crypt.
 53362 | Vaults:3 | Found a gateway to a bazaar.
 53368 | Bazaar   | Entered a bazaar
 53370 | Bazaar   | Found Hashreti's Jewellery Boutique.
 53374 | Bazaar   | Bought the ring of Okawaru's Pride {+Fly rElec Str+3 Int-2 Slay+5} for 486 gold pieces
 53374 | Bazaar   | Found Taliv's Weapon Boutique.
 53374 | Bazaar   | Found Gouda's Distillery.
 53374 | Bazaar   | Found Feasuywa's Distillery.
 53800 | Vaults:4 | Noticed Jory
 53813 | Vaults:4 | Killed Jory
 54003 | Vaults:4 | Reached skill level 23 in Axes
 54039 | Vaults:4 | Reached skill level 5 in Evocations
 54600 | Vaults:4 | Gained Arkwar as an ally
 54974 | Vaults:4 | Got a warped shortbow
 54975 | Vaults:4 | Identified the +11 shortbow of Agony {freeze, rF+ rC+} (You found it on level 4 of the Vaults)
 55121 | Vaults:5 | Entered Level 5 of the Vaults
 55129 | Vaults:5 | Gained Blodwig as an ally
 55133 | Vaults:5 | Your ally Brandogh died
 55394 | Vaults:4 | Gained Warbeogh as an ally
 55537 | Vaults:5 | Your ally Wardok died
 55537 | Vaults:5 | Your ally Warbeogh died
 55544 | Vaults:5 | Your ally Orkrul died
 55548 | Vaults:5 | Your ally Oreg died
 55890 | Vaults:5 | Your ally Blodwig died
 55892 | Vaults:5 | Your ally Arkwar died
 55897 | Vaults:5 | Reached XP level 22. HP: 194/242 MP: 29/29
 56095 | Vaults:5 | Noticed a golden dragon
 56102 | Vaults:5 | Your ally Brandogh died
 56154 | Vaults:5 | Killed a golden dragon
 56154 | Vaults:5 | Reached skill level 24 in Axes
 56213 | Vaults:5 | Noticed Sojobo
 56397 | Vaults:4 | Killed Sojobo
 56634 | Vaults:5 | Got a faintly glowing leather armour
 56645 | Vaults:5 | Identified the cursed +1 leather armour of Supple Strength {Int-5 Dex+6 Stlth+} (You found it on level 5 of the Vaults)
 56808 | Vaults:5 | Found Pisipy's Jewellery Shoppe.
 56819 | Vaults:5 | Got a silver rune of Zot
 56876 | Vaults:5 | Got a dazzling ring mail
 56887 | Vaults:5 | Identified the +5 ring mail of Starshine {+Blink MR+ Str+7} (You took it off a vault warden on level 5 of the Vaults)
 57194 | Vaults:5 | Noticed an ancient lich
 57210 | Vaults:5 | Killed an ancient lich
 57606 | Vaults:5 | Gained Korbok as an ally
 57665 | Vaults:5 | Got a translucent chain mail
 57676 | Vaults:5 | Identified the +7 chain mail "Kuxier" {Str+4} (You found it on level 5 of the Vaults)
 57694 | Vaults:5 | Got a crude wooden ring
 57696 | Vaults:5 | Identified the ring of Conformity {*Confuse rPois Dex+2 Slay+5 Stlth-} (You found it on level 5 of the Vaults)
 58129 | Depths:1 | Entered Level 1 of the Depths
 58176 | Depths:1 | Reached XP level 23. HP: 246/251 MP: 30/30
 58906 | Depths:1 | Found a gateway to a ziggurat.
 58906 | Depths:1 | Found a gateway to Hell.
 59580 | Depths:2 | Found Xycu's Weapon Emporium.
 59724 | Depths:2 | Found a large runed door.
 59734 | Depths:2 | Found a large runed door.
 59738 | Depths:2 | Found a large runed door.
 59739 | Depths:2 | Found a large runed door.
 59739 | Depths:2 | Found a large runed door.
 59764 | Depths:2 | Found Daecek's Weapon Boutique.
 59879 | Depths:2 | Found Pigutzi's Assorted Antiques.
 60015 | Depths:2 | Reached skill level 25 in Axes
 60221 | Depths:2 | Found Vuc Zeu's General Store.
 60377 | Depths:2 | Found a large runed door.
 60378 | Depths:2 | Found a large runed door.
 60379 | Depths:2 | Found a large runed door.
 60711 | Depths:2 | Identified Hizis's Tome of Confrontation
 60718 | Depths:2 | Got a twisted hand axe
 60719 | Depths:2 | Identified the +6 hand axe "Grim Tooth" {flame, rElec Str+2 Dex-5} (You found it on level 2 of the Depths)
 61296 | Depths:3 | Reached XP level 24. HP: 266/266 MP: 30/30
 62002 | Depths:3 | Found a one-way gate leading to the halls of Pandemonium.
 62792 | Depths:4 | Got a smoking chain mail
 62803 | Depths:4 | Identified the +1 chain mail "Iskoh" {MP+9 Int+6} (You found it on level 4 of the Depths)
 62825 | Depths:4 | Noticed a caustic shrike
 62839 | Depths:4 | Killed a caustic shrike
 62851 | Depths:4 | Found a one-way gate to the infinite horrors of the Abyss.
 62942 | Depths:4 | Reached skill level 26 in Axes
 62970 | Depths:4 | Noticed Margery
 62978 | Depths:4 | Killed Margery
 64175 | Slime:1  | Entered Level 1 of the Pits of Slime
 64635 | Slime:2  | Gained Arkwar as an ally
 65341 | Slime:3  | Reached XP level 25. HP: 278/278 MP: 30/30
 65546 | Slime:4  | Lost mutation: You are robust (+10% HP). [a shining eye]
 65738 | Slime:5  | Gained mutation: Potions and wands are less effective at restoring your health. [a shining eye]
 66770 | Slime:6  | Entered Level 6 of the Pits of Slime
 66792 | Slime:6  | Gained Spirok as an ally
 66872 | Slime:6  | Gained Orkrul as an ally
 66960 | Slime:6  | Found a viscous altar of Jiyva.
 66992 | Slime:6  | Noticed the Royal Jelly
 67010 | Slime:6  | Killed the Royal Jelly
 67031 | Slime:6  | Your ally Korbok died
 67032 | Slime:6  | Your ally Spirok died
 67034 | Slime:6  | Gained Morbeogh as an ally
 67401 | Slime:6  | Got a brightly glowing mottled dragon armour
 67434 | Slime:6  | Identified the +6 mottled dragon armour of Day {rF+++ Str+4 Int-5 Stlth+} (You found it on level 6 of the Pits of Slime)
 67465 | Slime:6  | Got a coiled copper ring
 67496 | Slime:6  | Identified the ring "Kean" {Fire Dex+8 Stlth+} (You found it on level 6 of the Pits of Slime)
 67506 | Slime:6  | Got a topaz-encrusted plate armour
 67517 | Slime:6  | Identified the +5 plate armour of Hacvuwkaff {rPois Str+3} (You found it on level 6 of the Pits of Slime)
 67548 | Slime:6  | Got a slimy rune of Zot
 67557 | Slime:6  | Got a vibrating ruby amulet
 67598 | Slime:6  | Identified the amulet "Iraitoq" {Harm *Drain rC+ rN+} (You found it on level 6 of the Pits of Slime)
 67649 | Slime:6  | Identified the Grimoire of Evil Dislocation (You found it on level 6 of the Pits of Slime)
 68680 | Depths:5 | Entered Level 5 of the Depths
 68708 | Depths:5 | Found Kaqueghe's Antique Armour Shop.
 68737 | Depths:5 | Bought a pair of embroidered gloves for 216 gold pieces
 69149 | Depths:5 | Your ally Arkwar died
 69172 | Depths:5 | Found a runed door.
 69172 | Depths:5 | Found a runed door.
 69216 | Depths:5 | Reached skill level 27 in Axes
 69257 | Depths:5 | Your ally Orkrul died
 69385 | Depths:5 | Found a runed door.
 69390 | Depths:5 | Found a runed door.
 69391 | Depths:5 | Your ally Morbeogh died
 69467 | Depths:5 | Found a runed door.
 69467 | Depths:5 | Found a runed door.
 69543 | Depths:5 | Reached XP level 26. HP: 264/264 MP: 30/30
 69587 | Depths:5 | Found a gate to the Realm of Zot.
 70254 | Depths:5 | Voluntarily entered the Abyss.
 70545 | Abyss:1  | Found a corrupted altar of Lugonu.
 71037 | Abyss:1  | Gained Boldo as an ally
 71239 | Depths:5 | Escaped the Abyss
 71327 | Zot:1    | Entered Level 1 of the Realm of Zot
 71337 | Zot:1    | Reached skill level 10 in Invocations
 71411 | Zot:1    | Got a smoking whip
 71412 | Zot:1    | Identified the +1 whip "Badiumny" {elec, rPois} (You found it on level 1 of the Realm of Zot)
 71473 | Zot:1    | Reached skill level 27 in Fighting
 71957 | Zot:2    | Noticed an orb of fire
 71957 | Zot:2    | Noticed an orb of fire
 71958 | Zot:2    | Noticed an orb of fire
 71961 | Zot:2    | Gained mutation: Your body sometimes deteriorates upon taking damage. [an orb of fire]
 71981 | Zot:2    | Lost mutation: Your spells are a little harder to cast, but a little more powerful. [an orb of fire]
 71983 | Zot:2    | Killed an orb of fire
 71988 | Zot:2    | Killed an orb of fire
 71989 | Zot:2    | Killed an orb of fire
 71996 | Zot:2    | Lost mutation: Your body sometimes deteriorates upon taking damage. [potion of cure mutation]
 71996 | Zot:2    | Lost mutation: Potions and wands are less effective at restoring your health. [potion of cure mutation]
 71996 | Zot:2    | Lost mutation: You expend magic power (3 MP) to strengthen your wands. [potion of cure mutation]
 72164 | Zot:2    | Gained Margrim as an ally
 72594 | Zot:2    | Your ally Margrim died
 72989 | Zot:3    | Reached XP level 27. HP: 271/273 MP: 30/30
 73560 | Zot:3    | Gained Orkwin as an ally
 74002 | Zot:3    | Gained mutation: Your mind is acute. (Int +2) [potion of beneficial mutation]
 74637 | Zot:3    | Your ally Orkwin died
 75071 | Zot:3    | Noticed an ancient lich
 75089 | Zot:3    | Killed an ancient lich
 75956 | Vaults:2 | Bought a scroll of enchant armour for 90 gold pieces
 76362 | Vaults:3 | You paid a toll of a +3 fire dragon armour to enter a treasure trove
 76363 | Trove    | Entered a treasure trove
 76416 | Trove    | Got a scorched glass ring
 76418 | Trove    | Got a translucent ruby amulet
 76420 | Trove    | Got a bound ivory ring
 76423 | Trove    | Identified the ring "Fozeolit" {+/*Tele Dex+3} (You found it in a treasure trove)
 76425 | Trove    | Identified the ring of Noowia {rN+++ MR- Dex+2 Stlth+} (You found it in a treasure trove)
 76446 | Trove    | Got a flickering granite ring
 76447 | Trove    | Identified the ring "Vesump" {rC++ MR+ Int-4 Dex+7} (You found it in a treasure trove)
 76449 | Trove    | Identified the amulet of Pymuc {Faith rC+ Dex+7 SInv} (You found it in a treasure trove)
 77093 | Zot:4    | Reached skill level 27 in Shields
 77760 | Zot:4    | Gained Hilgar as an ally
 77981 | Zot:4    | Identified Jair's Volume of the Frostbite (You found it on level 4 of the Realm of Zot)
 78529 | Zot:5    | Entered Level 5 of the Realm of Zot
 78555 | Zot:5    | Your ally Hilgar died
 79388 | Zot:5    | Gained Wardok as an ally
 79409 | Zot:5    | Your ally Wardok died
 79487 | Zot:5    | Noticed an orb of fire
 79495 | Zot:5    | Noticed an ancient lich
 79516 | Zot:5    | Killed an orb of fire
 79527 | Zot:5    | Gained Ugbert as an ally
 79535 | Zot:5    | Killed an ancient lich
 79608 | Zot:5    | Noticed an orb of fire
 79624 | Zot:5    | Killed an orb of fire
 79701 | Zot:5    | Noticed an orb of fire
 79716 | Zot:5    | Killed an orb of fire
 79932 | Zot:5    | Noticed an orb of fire
 79953 | Zot:5    | Killed an orb of fire
 80131 | Zot:5    | Got the Orb of Zot
 80149 | Zot:5    | Noticed an ancient lich
 80239 | Zot:4    | Your ally Ugbert died
 80736 | D:10     | Noticed Xeylieci the pandemonium lord
 80992 | D:$      | Escaped with the Orb!

Vault maps used:
D:1:      elethiomel_arrival_quiet
D:2:      grunt_pakellas_mercury, kennysheep_minor_cross,
          minmay_rat_gold_closets
D:3:      uniq_jessica
D:5:      lemuel_zombie_altar_yredelemnul, first_bread
D:6:      minmay_temple_entry_statues_pillars, gup_sewer_entry_spiral,
          uniq_duvessa, uniq_menkaure
D:7:      fedhas_altar_2, uniq_prince_ribbit1, uniq_pikel
D:8:      kennysheep_cross_bottleneck, minmay_misc_feat_alley, david_nohive_1
D:9:      grunt_gozag_breadcrumbs, serial_shops, nicolae_shop_behind_doors
D:10:     serial_shops, shop, kennysheep_nondescript, roderic_serpentine_path,
          uniq_maud
D:11:     grunt_lair_entry_orc_guard_hut, minmay_orc_entry_guard_dogs,
          serial_ice, serial_ice_m, serial_ice_o, serial_ice_f, serial_ice_h,
          serial_ice_n, serial_ice_j, serial_ice_d, portal_ice_cave_entry_imps,
          lemuel_flamethrower_hall
D:12:     basic_altar, serial_column_ruins, column_ruins_hut_ruined,
          column_ruins_hut_pillars, column_ruins_columns_straight,
          column_ruins_grid_3, column_ruins_open_tiny, minmay_misc_feat_tower
D:13:     kennysheep_demon_hangout, david_vaults_4, serial_shops, shop_statue,
          shop, minivault_27, kennysheep_small_spiral
D:14:     serial_shops, shop, shop, minivault_25, hex_large,
          corexii_leaking_fountain
D:15:     gammafunk_depths_entry_grave, minmay_lindwurm_lava
Temple:   nicolae_temple_elliptical
Lair:1:   grunt_megastairs_4
Lair:2:   beast_lair_carwin_large_4, st_stairs_13, serial_bayou_shore_b,
          grunt_megastairs_1, infiniplex_staircase_pool, uniq_harold
Lair:3:   dummy_spider_entry, nicolae_quartered_pool_medium,
          roderic_carrion_pond
Lair:4:   elwin_shoals_entry_rooms, serial_bayou_shore_b, uniq_rupert
Lair:5:   serial_bayou_pond_c, lemuel_fruit_tree
Lair:6:   lemuel_centaur_altar
Lair:7:   minmay_lair_oklob_items, infiniplex_staircase_pool_2
Lair:8:   minmay_lair_end_frog_pond, nicolae_slime_entry_slimehenge
Shoals:4: shoals_end_grunt_ice, shoal_ilsuiw
Spider:1: guppyfry_spider_mini_3
Spider:2: nicolae_spider_webbed_stairs
Spider:3: nicolae_spider_cling_ruins
Spider:4: grunt_spider_rune_circles
Orc:1:    mines2_david, uniq_fannar, uniq_erica
Orc:2:    pubby_orc_utopia, uniq_nessos, uniq_josephine, uniq_azrael
Elf:1:    eino_elf_arrival_altar, serial_sigils, serial_sigils_hangedman_quiver,
          serial_sigils_hangedman_carve, serial_sigils_hangedman_snap,
          serial_sigils_hangedman_scar, serial_sigils_hangedman_etch,
          serial_sigils_hangedman_gut, kennysheep_underground_church,
          minmay_misc_feat_rows, laboratory
Elf:3:    elf_hall, serial_shops, nicolae_shop_overgrown_old_shop
Vaults:1: ontoclasm_vaults_ring_square, v_misc_8,
          nicolae_vaults_little_squares_2, v_misc_2, v_rooms_4,
          nicolae_vaults_circle_grid_a, nicolae_vaults_what_the_h, v_rooms_2,
          vaults_room_pools, vaults_room_pools, ontoclasm_vaults_gateway,
          hangedman_vaults_hat, hangedman_vaults_restitches,
          nicolae_vaults_little_squares_6
Vaults:2: v_alt_pattern_5, nicolae_vaults_little_squares_4,
          nicolae_vaults_yaktaur_gun_rack, grunt_vaults_trifunnel,
          hangedman_vaults_slice, v_pattern_2, hangedman_vaults_trim,
          ontoclasm_vaults_bender, serial_shops, shop, nicolae_shop_waterfront,
          shop, nicolae_shop_trees, nicolae_shop_waterfront, mu_enter_wizlab_1,
          uniq_mennas, uniq_norris
Vaults:3: v_misc_23, nicolae_vaults_little_squares_4, v_misc_19,
          special_room_vaults, minmay_crypt_entry_simple_corners,
          ontoclasm_vaults_decontamination, ontoclasm_vaults_spin, v_misc_24,
          nicolae_vaults_puzzle_piece, nicolae_vaults_little_squares_3,
          v_alt_pattern_6, serial_shops, bzr_entry_safe, enter_trove_0
Vaults:4: dpeg_vaults_monster_box, grunt_vaults_swirl, v_misc_2,
          hangedman_vaults_pinch, vaults_standard_mumra_x, vaults_room_fours,
          vaults_room_large_hall, ontoclasm_vaults_ring_large, v_misc_22,
          vaults_room_hallway, uniq_jory
Vaults:5: uniq_sojobo
Depths:1: enter_ziggurat_f, hell_entry, hangedman_decor_peaks_small,
          dk_noncrumbling_4, roderic_roman_lattice, bh_walls_and_bars,
          grunt_megastairs_3
Depths:2: minmay_five_octagons, solitary_fountain, hell_entry, serial_shops,
          shop, shop, shop, shop_statue, hangedman_abyss_or_decor_slice
Depths:3: lemuel_castle_with_subvaults, minmay_misc_feat_diagonals,
          pf_dread_powers_of_hell, grunt_pan_entry_sceptre,
          lemuel_flamethrower_2
Depths:4: minmay_dotted_concentric_squares, minmay_stone_trees_small,
          hell_entry, abyss_entry, corner_web_ring, hangedman_decor_growths,
          st_stairs_8, uniq_margery
Depths:5: evilmike_zot_entry_castle, hell_entry, serial_shops,
          nicolae_shop_stone, hangedman_decor_points, abyss_entry,
          infiniplex_staircase_pool_lava
Zot:2:    grunt_ministairs_4, lemuel_lake_of_fire
Zot:3:    grunt_deathspiral_small, lemuel_lich_library
Zot:5:    grunt_ministairs_15, nicolae_zot_crop_circle
Bazaar:   bazaar_minmay_cross
Trove:    trove_jewel_1
Sewer:    sewer_minmay_w
WizLab:   wizlab_cigotuvi

Action                   |  1- 3 |  4- 6 |  7- 9 | 10-12 | 13-15 | 16-18 | 19-21 | 22-24 | 25-27 || total
-------------------------+-------+-------+-------+-------+-------+-------+-------+-------+-------++-------
Melee: War axe           |    91 |   184 |   513 |   683 |   870 |  1438 |  1748 |  1424 |  2203 ||  9154
       Broad axe         |       |       |       |   251 |       |       |       |       |       ||   251
       Mace              |       |       |       |     5 |    56 |       |       |       |       ||    61
       Battleaxe         |       |       |       |       |       |       |    13 |       |       ||    13
Throw: Javelin           |       |     2 |     8 |     1 |       |     8 |       |       |       ||    19
Invok: Convert to Beogh  |       |       |     1 |       |       |       |       |       |       ||     1
       Smiting           |       |       |       |     5 |     3 |    36 |       |       |    13 ||    57
       Recall Orcish Fol |       |       |       |     5 |    40 |    46 |    34 |    11 |    23 ||   159
       Give Item to Name |       |       |       |       |    11 |    12 |    12 |     2 |     8 ||    45
Evoke: Wand              |       |       |    11 |    39 |    15 |    45 |     9 |    10 |    13 ||   142
  Use: Potion            |       |     1 |    13 |     9 |     3 |    15 |    12 |     1 |     5 ||    59
       Scroll            |       |       |    14 |    23 |    14 |    25 |    21 |     5 |    13 ||   115
 Stab: Distracted        |       |       |       |     5 |    11 |    28 |    14 |    15 |    25 ||    98
       Paralysed         |       |       |       |       |     3 |     5 |       |       |     2 ||    10
  Eat: Chunk             |       |     7 |    18 |    22 |    24 |    23 |    31 |    16 |    21 ||   162
       Beef jerky        |       |       |       |     1 |     4 |     2 |       |     1 |     4 ||    12
       Royal jelly       |       |       |       |     1 |     1 |     6 |     3 |     1 |       ||    12
       Fruit             |       |       |       |     3 |       |     1 |     4 |     5 |    15 ||    28
       Pizza             |       |       |       |     1 |     4 |     2 |     1 |     1 |     1 ||    10
       Meat ration       |       |       |       |       |       |     4 |     3 |     2 |     7 ||    16
